Map: Lueur nocturne EC

Players

IBU - Winner!

  • Race: Zerg Zerg
  • League: Silver
  • Spawn Location: 11:00

WOLF

  • Race: Terran Terran
  • League: Silver
  • Spawn Location: 5:00

VOD

Have the link to the VOD?

Description

Time

  • Played on: Dec. 11, 2020, 2:02 p.m.
  • Length: 9:00
Show
View Real Time Build Order
Export as new Build Order

IBU Zerg - Winner!

Build Orders: Pool First, Swarm Host 

Get SALT Encoding   

  12  0:03  Drone  
  13  0:26  Drone  
  14  0:29  Spawning Pool  
  13  0:36  Extractor, Drone  
  13  0:37  Drone  
  14  0:47  Extractor, Drone  
  15  0:51  Overlord  
  15  1:25  Queen  
  17  1:26  Zergling x6  
  20  1:38  Drone  
  21  1:53  Drone  
  22  2:06  Evolution Chamber  
  21  2:11  Drone  
  21  2:15  Extractor  
  21  2:16  Overlord  
  21  2:35  Drone x4  
  21  2:36  Zerg Missile Weapons Level 1  
  25  2:51  Drone  
  25  2:52  Drone  
  25  2:55  Lair  
  27  2:58  Hatchery  
  26  3:22  Spore Crawler  
  26  3:24  Drone  
  26  3:25  Drone x2  
  26  3:26  Drone  
  29  3:40  Overlord, Drone  
  30  3:55  Infestation Pit  
  29  4:02  Nydus Network  
  29  4:08  Queen  
  30  4:11  Queen  
  30  4:13  Drone  
  33  4:36  Swarm Host x3  
  42  4:54  Queen  
  42  4:57  Overlord x2  
  44  5:06  Extractor  
  43  5:12  Overlord x2  
  43  5:17  Swarm Host  
  43  5:18  Swarm Host  
  43  5:19  Swarm Host  
  52  5:25  Drone x2  
  54  5:33  Swarm Host  
  57  5:37  Nydus Canal  
  57  5:46  Drone x3  
  52  6:44  Drone x2  
  52  6:45  Drone x7  
  60  6:56  Swarm Host x2  
  61  7:40  Nydus Canal  
  61  7:41  Swarm Host x2  
  61  7:42  Swarm Host x2  
  73  7:46  Queen  
  73  7:47  Overlord  
  73  7:48  Overlord  
  75  7:55  Nydus Canal  
  75  8:10  Swarm Host x3  
  75  8:11  Swarm Host x2  
  90  8:34  Nydus Canal  
  90  8:50  Nydus Canal  
Show
View Real Time Build Order
Export as new Build Order

WOLF Terran 

Build Orders:  

Get SALT Encoding   

  12  0:01  SCV  
  13  0:17  Supply Depot  
  13  0:18  SCV  
  14  0:25  Refinery  
  14  0:30  SCV  
  15  0:42  Barracks  
  15  0:46  SCV  
  16  1:05  SCV  
  17  1:13  Refinery  
  17  1:17  SCV  
  18  1:30  Supply Depot  
  18  1:35  Bunker  
  18  1:37  Marine  
  19  1:50  Orbital Command  
  19  1:54  Marine  
  20  2:25  Barracks Reactor  
  20  2:38  Command Center  
  20  2:43  SCV  
  21  2:55  SCV  
  22  3:00  Factory  
  22  3:01  Marine x2  
  24  3:16  SCV  
  25  3:22  Reaper  
  27  3:28  SCV  
  27  3:40  SCV  
  28  3:47  Armory  
  28  3:53  Starport  
  28  4:04  SCV  
  29  4:12  Factory Tech Lab  
  29  4:14  Marine x2  
  29  4:16  SCV  
  32  4:31  Marine  
  32  4:34  Marine  
  34  4:39  Siege Tank  
  34  4:41  Liberator  
  34  4:44  SCV  
  41  4:49  Marine  
  41  4:52  Marine, Orbital Command  
  43  4:56  SCV  
  44  5:16  Supply Depot  
  44  5:18  SCV x2  
  44  5:20  Supply Depot  
  46  5:21  Supply Depot  
  46  5:29  Factory  
  46  5:37  SCV x2  
  46  5:40  Supply Depot  
  48  5:49  SCV x2  
  50  5:50  Refinery  
  50  5:52  Refinery  
  42  6:31  SCV  
  43  6:43  SCV  
  43  7:32  SCV  
  41  7:44  SCV  
  41  7:50  Supply Depot  
  41  7:51  Supply Depot  
  42  7:53  Marine  
  42  7:56  Widow Mine x2  
  47  8:11  Marine  
  39  8:47  SCV  
Tags
 
Composition
Swarm Host
Matchup
TvZ
Opening
Pool First
Spawn Locations
Cross Positions
Add a new tag
Caveats
  • Supply blocks, unpowered buildings, or Contaminate may cause inaccurate times.
  • Supply counts are checked every 10 seconds.